[ AOE2 MATCH · #471424068 ]
1v1 RMMuisca vs Italians
Player's team · WIN
Rival team · LOSS
[ REPLAY ANALYSIS · EXTRACTED FROM THE RECORDED GAME ]
Feudal
9:50
Castle
21:28
Imperial
—
| APM avg | 61.1 |
| APM peak | 109 |
| eAPM avg | 21.5 |
| Villagers / military | 59 / 0 |
Focus
⚔️ 25.4% · 🌾 74.6%
Unknown (2550) ×49
Feudal
9:21
Castle
25:34
Imperial
—
| APM avg | 38.3 |
| APM peak | 95 |
| eAPM avg | 16.1 |
| Villagers / military | 50 / 32 |
Focus
⚔️ 25.5% · 🌾 74.5%
Archer ×22 · Genoese Crossbowman ×10
Match map
Resources at game start + every placement click. Thick line = wall · dashed box = detected house wall. 🟡 gold · ⚪ stone · 🟢 berries · 🔶 boar · ⭕ relic
Inputs per minute
— Infey - - ElNegro
Build order — Infey
First 150 of 168 actions detected
| 0:01 | Create | Villager (Male) |
| 0:01 | Create | Villager (Male) |
| 0:02 | Build | House |
| 0:04 | Build | House |
| 0:07 | Create | Villager (Male) ×2 |
| 1:11 | Create | Villager (Male) |
| 1:44 | Build | Settlement |
| 1:57 | Create | Villager (Male) |
| 2:20 | Create | Villager (Male) |
| 2:20 | Create | Villager (Male) |
| 2:43 | Create | Villager (Male) |
| 3:08 | Create | Villager (Male) |
| 3:38 | Create | Villager (Male) |
| 4:15 | Create | Villager (Male) |
| 4:15 | Create | Villager (Male) |
| 4:17 | Build | Settlement |
| 4:37 | Create | Villager (Male) |
| 5:35 | Create | Villager (Male) |
| 5:57 | Create | Villager (Male) |
| 6:03 | Build | Settlement |
| 6:13 | Create | Villager (Male) |
| 6:31 | Create | Villager (Male) |
| 6:45 | Create | Villager (Male) |
| 7:03 | Research | Loom |
| 7:34 | Research | Feudal Age |
| 8:00 | Build | Barracks |
| 8:55 | Create | Unit 2550 |
| 8:55 | Create | Unit 2550 |
| 9:50 | Age | Feudal Age |
| 9:51 | Create | Unit 2550 |
| 9:53 | Create | Villager (Male) |
| 9:54 | Create | Villager (Male) |
| 10:01 | Build | Farm |
| 10:01 | Build | Farm |
| 10:02 | Build | Farm |
| 10:02 | Build | Farm |
| 10:24 | Build | Farm |
| 10:49 | Create | Villager (Male) |
| 10:52 | Create | Villager (Male) |
| 11:08 | Research | Tech 1402 |
| 11:21 | Build | Blacksmith |
| 11:23 | Create | Villager (Male) |
| 11:48 | Build | Farm |
| 11:49 | Create | Villager (Male) |
| 12:00 | Create | Villager (Male) |
| 12:03 | Create | Unit 2550 |
| 12:10 | Build | House |
| 12:11 | Build | House |
| 12:16 | Build | Farm |
| 12:17 | Create | Villager (Male) |
| 12:31 | Research | Scale Mail Armor |
| 12:37 | Build | Farm |
| 12:39 | Create | Villager (Male) |
| 13:06 | Build | Farm |
| 13:12 | Create | Villager (Male) |
| 13:15 | Create | Unit 2550 |
| 13:33 | Build | Farm |
| 13:35 | Create | Villager (Male) |
| 13:57 | Build | Farm |
| 14:01 | Create | Villager (Male) |
| 14:12 | Research | Forging |
| 14:51 | Build | Farm |
| 14:51 | Build | Farm |
| 14:59 | Create | Villager (Male) |
| 15:04 | Build | House |
| 15:21 | Create | Villager (Male) |
| 15:48 | Create | Villager (Male) |
| 15:54 | Create | Villager (Male) |
| 16:11 | Create | Villager (Male) |
| 16:14 | Create | Unit 2550 |
| 16:18 | Build | Farm |
| 16:45 | Create | Villager (Male) |
| 17:08 | Create | Villager (Male) |
| 17:14 | Build | House |
| 17:15 | Build | House |
| 17:35 | Create | Villager (Male) |
| 18:09 | Build | Archery Range |
| 18:19 | Build | Farm |
| 18:46 | Build | Farm |
| 18:48 | Research | Castle Age |
| 18:53 | Build | Settlement |
| 19:14 | Create | Unit 2550 |
| 19:15 | Create | Unit 2550 |
| 19:25 | Create | Unit 2550 |
| 19:36 | Build | Barracks |
| 19:42 | Create | Unit 2550 |
| 19:42 | Create | Unit 2550 |
| 20:01 | Create | Unit 2550 |
| 20:07 | Build | Barracks |
| 20:08 | Build | Barracks |
| 20:25 | Build | Farm |
| 21:13 | Create | Unit 2550 |
| 21:13 | Create | Unit 2550 |
| 21:28 | Age | Castle Age |
| 21:38 | Build | Castle |
| 21:42 | Create | Unit 2550 |
| 21:42 | Create | Unit 2550 |
| 21:58 | Create | Unit 2550 |
| 21:58 | Create | Unit 2550 |
| 22:11 | Create | Villager (Male) |
| 22:11 | Create | Villager (Male) |
| 22:21 | Research | Double-Bit Axe |
| 22:21 | Research | Horse Collar |
| 22:27 | Research | Squires |
| 22:31 | Create | Unit 2550 |
| 22:31 | Create | Unit 2550 |
| 22:50 | Create | Unit 2550 |
| 22:51 | Create | Unit 2550 |
| 23:08 | Create | Unit 2550 |
| 23:20 | Create | Villager (Male) |
| 23:20 | Create | Villager (Male) |
| 23:31 | Build | Farm |
| 23:37 | Create | Unit 2550 |
| 23:37 | Create | Unit 2550 |
| 24:18 | Build | Farm |
| 24:19 | Create | Villager (Male) |
| 24:20 | Create | Villager (Male) |
| 24:36 | Research | Tech 1351 |
| 24:36 | Research | Tech 1351 |
| 24:46 | Create | Unit 2550 |
| 24:46 | Create | Unit 2550 |
| 25:26 | Create | Unit 2550 |
| 25:26 | Create | Unit 2550 |
| 25:28 | Create | Unit 2550 |
| 25:38 | Create | Unit 2550 |
| 25:38 | Create | Unit 2550 |
| 25:43 | Create | Villager (Male) |
| 25:43 | Create | Villager (Male) |
| 25:44 | Create | Villager (Male) ×3 |
| 25:52 | Build | Settlement |
| 25:53 | Build | Farm |
| 25:53 | Build | Farm |
| 25:54 | Build | Farm |
| 25:54 | Build | Farm |
| 26:08 | Create | Unit 2550 |
| 26:08 | Create | Unit 2550 |
| 26:19 | Create | Villager (Male) |
| 26:47 | Build | Stone Wall |
| 26:48 | Build | Stone Wall |
| 26:58 | Create | Unit 2550 |
| 26:58 | Create | Unit 2550 |
| 26:58 | Create | Unit 2550 |
| 26:59 | Create | Villager (Male) |
| 26:59 | Create | Villager (Male) |
| 27:04 | Build | Stone Wall |
| 27:19 | Create | Unit 2550 |
| 27:20 | Create | Unit 2550 |
| 27:20 | Create | Unit 2550 |
| 27:50 | Research | Chain Mail Armor |
| 27:50 | Research | Chain Mail Armor |
Build order — ElNegro
First 150 of 164 actions detected
| 0:01 | Create | Villager (Male) |
| 0:01 | Create | Villager (Male) |
| 0:02 | Build | House |
| 0:04 | Build | House |
| 0:34 | Create | Villager (Male) |
| 0:35 | Create | Villager (Male) |
| 0:35 | Create | Villager (Male) |
| 1:28 | Create | Villager (Male) |
| 1:29 | Create | Villager (Male) |
| 1:55 | Create | Villager (Male) |
| 1:55 | Create | Villager (Male) |
| 2:12 | Build | Mill |
| 2:16 | Create | Villager (Male) |
| 2:54 | Create | Villager (Male) |
| 2:54 | Create | Villager (Male) |
| 3:15 | Create | Villager (Male) |
| 3:15 | Create | Villager (Male) |
| 3:42 | Create | Villager (Male) |
| 3:42 | Create | Villager (Male) |
| 3:57 | Build | House |
| 4:13 | Create | Villager (Male) |
| 4:14 | Create | Villager (Male) |
| 4:14 | Create | Villager (Male) |
| 4:46 | Create | Villager (Male) |
| 5:05 | Create | Villager (Male) |
| 5:12 | Research | Loom |
| 6:02 | Create | Villager (Male) |
| 6:38 | Build | Lumber Camp |
| 6:40 | Create | Villager (Male) |
| 6:44 | Build | House |
| 7:11 | Research | Feudal Age |
| 7:37 | Build | Lumber Camp |
| 7:47 | Build | House |
| 9:14 | Build | Barracks |
| 9:21 | Age | Feudal Age |
| 9:36 | Research | Double-Bit Axe |
| 9:45 | Create | Villager (Male) |
| 9:45 | Create | Villager (Male) |
| 9:45 | Create | Villager (Male) |
| 9:45 | Create | Villager (Male) |
| 9:46 | Create | Villager (Male) |
| 10:09 | Build | Archery Range |
| 10:48 | Build | House |
| 10:51 | Build | House |
| 10:53 | Build | House |
| 11:00 | Build | Archery Range |
| 11:08 | Create | Archer |
| 11:08 | Create | Archer |
| 11:12 | Build | Mining Camp |
| 11:15 | Build | House |
| 11:26 | Build | House |
| 11:28 | Build | House |
| 11:37 | Build | House |
| 11:41 | Create | Archer |
| 11:47 | Build | House |
| 11:52 | Create | Archer |
| 11:58 | Create | Villager (Male) |
| 11:59 | Create | Villager (Male) |
| 12:21 | Build | Mill |
| 12:24 | Build | House |
| 12:28 | Build | House |
| 12:29 | Create | Archer |
| 12:38 | Create | Villager (Male) |
| 12:38 | Create | Villager (Male) |
| 12:42 | Create | Archer |
| 12:47 | Build | House |
| 13:04 | Build | House |
| 13:08 | Build | House |
| 13:10 | Build | House |
| 13:11 | Create | Villager (Male) |
| 13:17 | Create | Archer |
| 13:21 | Build | Farm |
| 13:22 | Create | Villager (Male) |
| 13:41 | Build | Farm |
| 14:02 | Build | House |
| 14:12 | Build | House |
| 14:13 | Build | House |
| 14:19 | Build | House |
| 14:22 | Build | House |
| 14:59 | Build | Farm |
| 14:59 | Build | Farm |
| 14:59 | Build | Farm |
| 15:00 | Build | Farm |
| 15:00 | Build | Farm |
| 15:00 | Build | Farm |
| 15:08 | Build | House |
| 15:21 | Build | Palisade Wall |
| 15:40 | Create | Archer |
| 15:53 | Build | House |
| 16:02 | Create | Archer |
| 16:07 | Build | House |
| 16:25 | Build | House |
| 17:03 | Create | Archer |
| 17:04 | Create | Archer |
| 17:07 | Build | Farm |
| 17:07 | Build | Farm |
| 17:07 | Build | Farm |
| 17:08 | Create | Villager (Male) |
| 17:09 | Create | Villager (Male) |
| 17:09 | Create | Villager (Male) |
| 17:09 | Create | Villager (Male) |
| 17:12 | Build | House |
| 17:23 | Build | Farm |
| 17:49 | Build | Blacksmith |
| 18:12 | Create | Villager (Male) |
| 18:30 | Build | House |
| 18:54 | Create | Villager (Male) |
| 18:54 | Create | Villager (Male) |
| 18:56 | Build | Farm |
| 19:09 | Research | Fletching |
| 19:14 | Create | Archer |
| 19:15 | Create | Archer |
| 19:19 | Create | Villager (Male) |
| 19:20 | Create | Villager (Male) |
| 19:27 | Build | Farm |
| 19:27 | Build | Farm |
| 19:28 | Build | Farm |
| 19:29 | Build | Farm |
| 19:29 | Build | Farm |
| 20:15 | Build | Building 804 |
| 20:19 | Create | Villager (Male) |
| 20:36 | Build | House |
| 22:05 | Build | Mining Camp |
| 22:15 | Create | Archer |
| 22:16 | Create | Archer |
| 22:20 | Build | Archery Range |
| 22:50 | Create | Archer |
| 22:50 | Create | Archer |
| 22:54 | Research | Castle Age |
| 23:17 | Create | Archer |
| 23:30 | Create | Villager (Male) |
| 23:43 | Create | Archer |
| 23:43 | Create | Archer |
| 23:43 | Create | Archer |
| 24:15 | Create | Archer |
| 24:20 | Research | Gold Mining |
| 24:49 | Build | House |
| 25:34 | Age | Castle Age |
| 25:40 | Build | House |
| 25:44 | Research | Crossbowman (upgrade) |
| 25:53 | Build | Castle |
| 26:10 | Create | Villager (Male) |
| 26:10 | Create | Villager (Male) |
| 26:28 | Build | Market |
| 26:34 | Build | Monastery |
| 26:46 | Research | Bodkin Arrow |
| 26:51 | Build | House |
| 26:56 | Create | Genoese Crossbowman |
| 26:56 | Create | Genoese Crossbowman |
| 26:57 | Create | Genoese Crossbowman |
Match timeline
| 8:00 | Infey · first_building Barracks |
| 9:14 | ElNegro · first_building Barracks |
| 9:21 | ElNegro · age_up feudal |
| 9:50 | Infey · age_up feudal |
| 10:09 | ElNegro · first_building Archery Range |
| 15:21 | ElNegro · wall_segment Palisade Wall x2 |
| 18:09 | Infey · first_building Archery Range |
| 21:28 | Infey · age_up castle |
| 21:38 | Infey · first_building Castle |
| 25:34 | ElNegro · age_up castle |
| 25:53 | ElNegro · first_building Castle |
| 26:34 | ElNegro · first_building Monastery |
| 26:47 | Infey · wall_segment Stone Wall x11 |
| 26:48 | Infey · wall_segment Stone Wall x7 |
| 27:04 | Infey · wall_segment Stone Wall x10 |
| 28:56 | Infey · wall_segment Stone Wall x10 |
| 31:01 | ElNegro · resign |
[ AI ANALYSIS · 1 CREDIT ]
What really happened in this match?
Wolo.gg analyzes every decision: build order, eco, micro, common mistakes by bracket. Personalized analysis on WhatsApp or Discord in 30 seconds.
Civ guide
Muisca
Map guide
Arabia
Perfil
Infey